 Dungeon Crawl Stone Soup version 0.29-a0-994-gc5c9f59d18 (webtiles) character file.

Game seed: 9735445821452726433

1306 jlumianski the Chopper (level 8, -2/62 HPs)
             Began as a Demonspawn Gladiator on Aug 4, 2022.
             Slain by an ogre
             ... wielding a +0 giant spiked club
              (13 damage)
             ... on level 6 of the Dungeon.
             The game lasted 00:18:48 (5081 turns).

jlumianski the Chopper (Demonspawn Gladiator)       Turns: 5081, Time: 00:18:49

Health: -2/62      AC: 17    Str: 17    XL:     8   Next: 32%
Magic:  8/8        EV:  6    Int: 10    God:
Gold:   299        SH:  4    Dex: 14    Spells: 7/7 levels left

rFire   . . .      SeeInvis .   a - +1 war axe
rCold   . . .      Faith    .   (no shield)
rNeg    . . .      Spirit   .   n - +0 plate armour
rPois   .          Reflect  .   p - +2 hat
rElec   .          Harm     .   (no cloak)
rCorr   .          Rampage  .   h - +2 pair of gloves
Will    .....                   (no boots)
Stlth   ..........              (no amulet)
HPRegen 0.20/turn               (no ring)
MPRegen 0.11/turn               (no ring)

@: no status effects
A: horns 1, demonic guardian 1, demonic touch 2, large bone plates 1, subdued
magic 1
a: no special abilities


You were on level 6 of the Dungeon.
You visited 1 branch of the dungeon, and saw 6 of its levels.

You collected 299 gold pieces.

Inventory:

Hand Weapons
 a - a +1 war axe (weapon)
 v - a +2 sling of flaming
 A - a +2 hand axe of pain
 F - a +0 dagger of venom
 I - a +0 hand axe of freezing
Missiles
 d - 3 throwing nets
 e - a javelin
 o - 38 stones
 s - 6 poisoned darts (quivered)
Armour
 b - a +0 leather armour
 c - a +0 helmet
 f - a +0 scale mail
 h - a +2 pair of gloves (worn)
 n - a +0 plate armour (worn)
 p - a +2 hat (worn)
 E - a +0 kite shield
Magical Staves
 k - a staff of fire
Jewellery
 w - a ring of wizardry
 C - a ring of poison resistance
 G - a ring of positive energy
Wands
 B - a wand of flame (27)
 D - a wand of paralysis (13)
Scrolls
 j - a scroll of fear
 l - 2 scrolls of teleportation
 m - 4 scrolls of noise
 u - a scroll of fog
 y - 2 scrolls of amnesia
 L - a scroll of enchant weapon
Potions
 g - a potion of might
 i - 2 potions of degeneration
 q - a potion of haste
 r - 4 potions of invisibility
 t - a potion of heal wounds
 x - a potion of mutation
 z - a potion of curing
 K - a potion of attraction
 M - a potion of brilliance {unknown}


   Skills:
 + Level 5.1 Fighting
 + Level 6.8 Axes
 + Level 0.5 Ranged Weapons
 + Level 2.3 Throwing
 + Level 4.0 Armour
 + Level 3.3 Dodging
 + Level 0.8 Stealth
 + Level 0.1 Shields


You had 7 spell levels left.
You didn't know any spells.
Your spell library contained the following spells:

 Spells                   Type           Power      Damage    Failure   Level
 Slow                     Hex            0%         N/A       100%        1
 Confusing Touch          Hex            0%         N/A       100%        3
 Gell's Gravitas          Tloc           0%         N/A       100%        3
 Teleport Other           Tloc           0%         N/A       100%        3
 Vampiric Draining        Necr           0%         2d6       100%        3
 Dispersal                Tloc           0%         N/A       100%        6


Dungeon Overview and Level Annotations

Branches:
Dungeon (6/15)
 Temple: D:4-7

Altars:
Gozag
Uskayaw

Portals:
Abyss: D:5

Annotations:
D:5 2 transporters, MisterAzrael's ghost, amateur DEAE


Innate Abilities, Weirdness & Mutations

You have a pair of small horns on your head.
A weak demonic guardian rushes to your aid.
Your touch may inflict irresistible damage on your foes.
You are partially covered in large bone plates. (SH +4)
Your spells are a little easier to cast, but a little less powerful.


Message History

Your touch misses the steam dragon. The steam dragon breathes steam at you.
The ball of steam hits you!
You hear a shout!
You block the steam dragon's attack.
The steam dragon claws you but does no damage.
You slash the steam dragon!
You touch the steam dragon!
The steam dragon is severely wounded.
The steam dragon bites you but does no damage.
The steam dragon claws you but does no damage.
A white imp comes into view.
You slash the steam dragon!
The steam dragon is almost dead.
The steam dragon barely misses you. The steam dragon claws you.
You hit the steam dragon but do no damage.
The steam dragon is almost dead.
The steam dragon breathes steam at you. The ball of steam hits you.
An ogre comes into view. It is wielding a +0 giant spiked club.
The steam dragon bites you!
The steam dragon claws you but does no damage.
You slash the steam dragon!
You kill the steam dragon!
The steam dragon scales are intact enough to wear.
Your Armour skill increases to level 4!
The ogre is engulfed in a cloud of scalding steam.
The white imp gestures at you.
The puff of frost hits you but does no damage.
The ogre is engulfed in a cloud of scalding steam.
The white imp gestures at you. The puff of frost hits you.
The ogre hits you with a +0 giant spiked club!!
* * * LOW HITPOINT WARNING * * *
A demonic guardian appears!
The white imp closely misses you.
You barely miss the ogre.
The ogre is lightly wounded.
You slash the white imp!
You kill the white imp!
The ogre hits you with a +0 giant spiked club!
You die...

.. . .......... ... ..
......... .........##..#
.......# .....[.......
......# ............##
#....###.
.............###...)....
............5#.#........
### ............O@...#
... ..............[###
... #.....>.....### ...
#...[.<.###...# ... #
#.....[## #...# ...
##.#.......# #...... ...
.#..........##.......#
...
................#.....#
...
...............#####.##
###


You could see an ogre (ally target) and a friendly ufetubus (summoned).

Vanquished Creatures
  A steam dragon (D:6)
  A black bear (D:4)
  A sky beast (D:5)
  An ogre (D:5)
  A centaur (D:5)
  A necrophage (D:5)
  5 wights
  A howler monkey (D:5)
  3 hounds
  An orc priest (D:4)
  Terence (D:2)
  2 iguanas (D:5)
  3 orc wizards
  Robin (D:4)
  9 adders
  A white imp (D:6)
  4 worms
  2 dart slugs
  14 orcs
  7 bats
  5 endoplasms
  6 giant cockroaches
  13 goblins
  9 hobgoblins
  7 kobolds
  2 quokkas (D:3)
  9 ball pythons
  2 frilled lizards (D:2)
  6 rats
119 creatures vanquished.

Notes
Turn   | Place    | Note
-------+----------+-------------------------------------------
     0 | D:1      | jlumianski the Demonspawn Gladiator began the quest for the
                  | Orb.
     0 | D:1      | Reached XP level 1. HP: 16/16 MP: 1/1
   345 | D:1      | Discovered your monstrous ancestry.
   345 | D:1      | Gained mutation: Your touch may inflict minor irresistible
                  | damage on your foes. [demonic ancestry]
   345 | D:1      | Reached XP level 2. HP: 17/22 MP: 2/2
   462 | D:1      | Found a faded altar of an unknown god.
   871 | D:2      | Reached skill level 3 in Axes
  1026 | D:2      | Gained mutation: A weak demonic guardian rushes to your
                  | aid. [demonic ancestry]
  1026 | D:2      | Reached XP level 3. HP: 25/28 MP: 3/3
  1240 | D:2      | Noticed Terence
  1246 | D:2      | Killed Terence
  1247 | D:2      | Gained mutation: You have a pair of small horns on your
                  | head. [demonic ancestry]
  1247 | D:2      | Reached XP level 4. HP: 34/34 MP: 4/4
  1309 | D:3      | Reached skill level 1 in Armour
  1907 | D:3      | Found an opulent altar of Gozag.
  2523 | D:3      | Reached skill level 4 in Axes
  2523 | D:3      | Reached XP level 5. HP: 41/41 MP: 5/5
  2676 | D:4      | Found a hide-covered altar of Uskayaw.
  2702 | D:4      | Noticed a black bear
  2712 | D:4      | Killed a black bear
  3006 | D:3      | Gained mutation: Your touch may inflict irresistible damage
                  | on your foes. [demonic ancestry]
  3006 | D:3      | Reached XP level 6. HP: 47/47 MP: 6/6
  3094 | D:5      | Entered Level 5 of the Dungeon
  3346 | D:4      | Noticed Robin
  3360 | D:4      | Killed Robin
  3492 | D:4      | Reached skill level 5 in Axes
  3985 | D:5      | Found a one-way gate to the infinite horrors of the Abyss.
  4000 | D:5      | Found a transporter.
  4006 | D:5      | Found a transporter.
  4025 | D:5      | Reached XP level 7. HP: 40/53 MP: 7/7
  4170 | D:4      | Gained mutation: Your spells are a little easier to cast,
                  | but a little less powerful. [potion of mutation]
  4170 | D:4      | Gained mutation: You are partially covered in large bone
                  | plates. (SH +4) [potion of mutation]
  4411 | D:5      | Noticed MisterAzrael's ghost (amateur DEAE)
  4452 | D:5      | Reached skill level 6 in Axes
  4793 | D:5      | Reached skill level 5 in Fighting
  4793 | D:5      | Reached XP level 8. HP: 18/62 MP: 8/8
  5081 | D:6      | Slain by an ogre

Illustrated notes

Levels and vault maps discovered:
D:1:      lightli_arrival_farm, layout_basic, basic_ecumenical_altar
D:2:      kennysheep_six_static_rooms, layout_loops_ring, chequers_arboretum,
          dk_noncrumbling_3, uniq_terence
D:3:      layout_basic, grunt_gozag_breadcrumbs
D:4:      layout_basic, zin_statuary, nicolae_uskayaw_dance_hall, uniq_robin
D:5:      layout_rooms, gammafunk_ghost_abyssal_escape, minmay_misc_feat_iff
D:6:      layout_cave_pools, elyvilon_altar_1, uniq_crazy_yiuf_cottage

Skill      XL: |  1  2  3  4  5  6  7  8 |
---------------+-------------------------+-----
Dodging        | 3 |  3.3
Axes           | 3 4 5 6 |  6.8
Armour         | 1 2 3 4 |  4.0
Fighting       | 3 5 |  5.1
Throwing       | 2 |  2.3
Ranged Weapons | |  0.5
Stealth        | |  0.8
Shields        | |  0.1

Action                   |  1- 3 |  4- 6 |  7- 9 || total
-------------------------+-------+-------+-------++-------
Melee: War axe           |    72 |   142 |    51 ||   265
       Touch             |     4 |    20 |    14 ||    38
       Headbutt          |       |    35 |     8 ||    43
       Punch             |       |     1 |       ||     1
 Fire: Sling             |       |     3 |       ||     3
Throw: Dart              |       |     3 |     5 ||     8
  Use: Scroll            |     6 |     4 |     5 ||    15
       Potion            |     1 |       |     3 ||     4
Armor: Scale mail        |    14 |       |       ||    14
       Plate armour      |    40 |   126 |    33 ||   199
Dodge: Dodged            |    40 |    49 |    11 ||   100
Block: Other             |       |       |     4 ||     4

Table legend: (Time is in decaauts)
 A = Elapsed time spent in this place.
 B = Non-inter-level travel time spent in this place.
 C = Inter-level travel time spent in this place.
 D = Time resting spent in this place.
 E = Time spent auto-exploring this place.
 F = Levels seen in this place.
 G = Mean time per level.
                   A        B        C        D        E       F      G
               +--------+--------+--------+--------+--------+-----+--------+
         Total |   5188 |   5066 |    122 |    552 |   2924 |   6 |  864.7 |
       Dungeon |   5188 |   5066 |    122 |    552 |   2924 |   6 |  864.7 |
               +--------+--------+--------+--------+--------+-----+--------+

Top non-repeatable levels by time:
     D:5: 1314 daAuts
     D:2: 1064 daAuts
     D:4: 1018 daAuts
     D:3: 892 daAuts
     D:1: 820 daAuts
     D:6: 78 daAuts
